 Dungeon Crawl Stone Soup version 0.28-a0-1594-ga885d4b (webtiles) character file.

Game seed: 6203878558311898850

1950 PidgeyThePirate the Cudgeller (level 8, -3/67 HPs)
             Began as a Demigod Fighter on Jan 20, 2022.
             Slain by a yak (13 damage)
             ... in the Ecumenical Temple.
             The game lasted 00:11:52 (7539 turns).

PidgeyThePirate the Cudgeller (Demigod Fighter)     Turns: 7539, Time: 00:11:52

Health: -3/67      AC: 10    Str: 25    XL:     8   Next: 66%
Magic:  10/10      EV: 10    Int: 10    God:
Gold:   316        SH:  5    Dex: 13    Spells: 7/7 levels left

rFire   . . .      SeeInvis .   g - +1 flail (vorpal)
rCold   . . .      Faith    .   c - +0 buckler
rNeg    + . .      Spirit   .   b - +0 scale mail
rPois   +          Reflect  .   (no helmet)
rElec   .          Harm     .   h - +0 cloak
rCorr   .          Rampage  .   (no gloves)
Will    .....                   m - +0 pair of boots
Stlth   ..........              e - amulet of the acrobat
HPRegen 0.21/turn               q - ring of poison resistance
MPRegen 0.12/turn               C - ring of positive energy

@: mighty
A: high mp 1, forlorn, divine attributes
a: no special abilities


You were in the Ecumenical Temple.
You visited 2 branches of the dungeon, and saw 8 of its levels.
You also visited: Sewer.

You collected 316 gold pieces.

Inventory:

Hand Weapons
 g - a +1 vorpal flail (weapon)
Missiles
 s - 4 silver javelins (quivered)
 t - a curare-tipped dart
 v - 10 poisoned darts
Armour
 b - a +0 scale mail (worn)
 c - a +0 buckler (worn)
 h - a +0 cloak (worn)
 m - a +0 pair of boots (worn)
Jewellery
 e - an amulet of the acrobat (around neck)
 q - a ring of poison resistance (left hand)
 C - a ring of positive energy (right hand)
Wands
 d - a wand of flame (17)
 o - a wand of iceblast (9)
Scrolls
 f - a scroll of identify
 i - a scroll of teleportation
 j - 2 scrolls of blinking {unknown}
 k - 3 scrolls of vulnerability
 l - 2 scrolls of amnesia {unknown}
 n - 2 scrolls of enchant weapon
 w - 2 scrolls of fear {unknown}
 y - a scroll of magic mapping {unknown}
 B - a scroll of brand weapon {unknown}
Potions
 r - 2 potions of brilliance
 u - a potion of might
 z - a potion of mutation {unknown}
 A - a potion of attraction


   Skills:
 + Level 4.8 Fighting
 + Level 6.9 Maces & Flails
 + Level 0.2 Throwing
 + Level 6.0 Armour
 + Level 2.6 Dodging
 + Level 1.0 Stealth
 + Level 4.3 Shields


You had 7 spell levels left.
You didn't know any spells.
Your spell library contained the following spells:

 Spells                   Type           Power      Damage    Failure   Level
 Shock                    Conj/Air       0%         1d3       73%         1
 Static Discharge         Conj/Air       0%         N/A       86%         2
 Ignite Poison            Fire/Tmut/Pois 0%         N/A       97%         3
 Mephitic Cloud           Conj/Pois/Air  0%         N/A       97%         3
 Stone Arrow              Conj/Erth      0%         3d7       97%         3
 Swiftness                Air            0%         N/A       97%         3
 Airstrike                Air            0%         N/A       100%        4
 Animate Armour           Summ/Erth      0%         N/A       100%        4
 Freezing Cloud           Conj/Ice/Air   0%         6-21      100%        5
 Lightning Bolt           Conj/Air       0%         1d11      100%        5
 Lehudib's Crystal Spear  Conj/Erth      0%         10d2      100%        8
 Maxwell's Capacitive Co  Air            0%         ∞         100%        8


Dungeon Overview and Level Annotations

Branches:
Dungeon (7/15)             Temple (1/1) D:6           Sewer (visited)


Innate Abilities, Weirdness & Mutations

You have an increased reservoir of magic. (+10% MP)
You shall have no god before yourself.
Your divine heritage dramatically boosts your attributes as you level up.


Message History

You kill the yak!
You barely miss the yak. The yak misses you. The yak barely misses you.
You closely miss the yak. The yak gores you!
* * * LOW HITPOINT WARNING * * *
You hit the yak.
The yak is lightly wounded.
The yak gores you!
* * * LOW HITPOINT WARNING * * *
You sock the yak!
The yak is moderately wounded.
The yak barely misses you.
You sock the yak!
The yak is heavily wounded.
The yak gores you!
* * * LOW HITPOINT WARNING * * *
You barely miss the yak.
The yak is heavily wounded.
The yak gores you but does no damage.
You feel better. The yak barely misses you.
There is a staircase to the Ecumenical Temple here.
The yak gores you but does no damage.
You climb downwards.
Welcome back to the Ecumenical Temple!
There is a staircase back to the Dungeon, spattered with blood here.
You closely miss the yak.
The yak is heavily wounded.
The yak gores you!
* * * LOW HITPOINT WARNING * * *
You feel better. The yak gores you.
* * * LOW HITPOINT WARNING * * *
You closely miss the yak.
The yak is heavily wounded.
The yak gores you!
* * * LOW HITPOINT WARNING * * *
You feel better. The yak misses you.
You feel very mighty all of a sudden. The yak gores you but does no damage.
You completely miss the yak.
The yak is heavily wounded.
The yak gores you!
You die...

###################
≈≈≈≈≈≈≈≈≈≈≈≈≈≈≈≈≈≈≈
...................
...................
..........8........
...................
.._..............._
...................
...........@.......
.........[Y........
...................
...................
.._..............._
...................
.........._........
...................
...................


You could see a yak.

Vanquished Creatures
  2 yaks (D:6)
  A water moccasin (D:6)
  A phantom (D:5)
  2 kobold brigands (Sewer)
  A bullfrog (D:6)
  4 scorpions
  A water moccasin skeleton (D:6)
  2 howler monkeys (D:6)
  3 wights
  A bullfrog zombie (D:6)
  An orc priest (D:6)
  3 centaur skeletons
  Crazy Yiuf (D:3)
  4 hounds
  Terence (D:3)
  Ijyb (D:3)
  5 iguanas
  Natasha (thrice) (D:3)
  A killer bee zombie (D:7)
  12 adders
  2 white imps
  2 ufetubi (D:6)
  6 worms
  A dart slug (D:2)
  6 orcs
  5 endoplasms
  6 giant cockroaches
  7 goblins
  7 hobgoblins
  3 jackals (D:4)
  9 kobolds
  5 quokkas
  8 ball pythons
  4 bats (D:1)
  3 rats
  A butterfly (D:5)
125 creatures vanquished.

Notes
Turn   | Place    | Note
-------+----------+-------------------------------------------
     0 | D:1      | PidgeyThePirate the Demigod Fighter began the quest for the
                  | Orb.
     0 | D:1      | Reached XP level 1. HP: 18/18 MP: 3/3
   412 | D:1      | Reached XP level 2. HP: 23/25 MP: 4/4
  1470 | D:2      | Reached XP level 3. HP: 29/31 MP: 5/5
  2034 | D:3      | Noticed Ijyb
  2048 | D:3      | Killed Ijyb
  2175 | D:3      | Reached XP level 4. HP: 31/38 MP: 6/6
  2361 | D:3      | Noticed Natasha
  2370 | D:3      | Killed Natasha
  2422 | D:3      | Noticed Natasha
  2432 | D:3      | Killed Natasha
  2634 | D:3      | Noticed Terence
  2640 | D:3      | Noticed Natasha
  2650 | D:3      | Killed Terence
  2651 | D:3      | Reached XP level 5. HP: 26/45 MP: 7/7
  2654 | D:3      | Killed Natasha
  2958 | D:3      | Found a runed translucent door.
  2959 | D:3      | Noticed Crazy Yiuf
  3191 | D:3      | Killed Crazy Yiuf
  3192 | D:3      | Reached skill level 1 in Dodging
  3370 | D:4      | Reached XP level 6. HP: 45/51 MP: 8/8
  4053 | D:4      | Identified the +6 spear of a volcano {vorpal, Int+4}
  4162 | D:5      | Entered Level 5 of the Dungeon
  4251 | D:5      | Found a glowing drain.
  4280 | Sewer    | Entered a sewer
  4642 | Sewer    | Reached XP level 7. HP: 36/58 MP: 9/9
  5264 | D:5      | Reached skill level 5 in Maces & Flails
  5478 | D:5      | Reached skill level 5 in Armour
  6221 | D:6      | Reached XP level 8. HP: 11/66 MP: 10/10
  6636 | D:6      | Found a staircase to the Ecumenical Temple.
  6688 | Temple   | Entered the Ecumenical Temple
  7504 | D:6      | Reached skill level 1 in Stealth
  7515 | D:6      | HP: 3/67 [yak (7)]
  7533 | Temple   | HP: 3/67 [yak (13)]
  7536 | Temple   | HP: 1/67 [yak (9)]
  7539 | Temple   | Slain by a yak

Illustrated notes

Levels and vault maps discovered:
D:1:      tarquinn_simple_flora_water_e, layout_loops_cross
D:2:      layout_rooms, ebering_ecumenical_altar_petrified,
          minmay_misc_feat_square, kennysheep_cross_room
D:3:      layout_loops_ring, minmay_misc_feat_x, minmay_liquid_box,
          uniq_crazy_yiuf_cottage, uniq_natasha, uniq_terence, uniq_ijyb
D:4:      layout_loops_ring, minmay_pentomino_pile
D:5:      layout_basic, xom_butterflies, gup_sewer_entry_pipe
D:6:      layout_gridville, minitemple, nicolae_dithmenos_the_darkroom,
          minmay_temple_entry_large_hall, grunt_tough_drop
D:7:      layout_layer_cave, serial_bayou, serial_bayou_shore_a,
          serial_bayou_crossing, serial_bayou_pond_a, serial_bayou_pond_b,
          uniq_joseph
Temple:   dshaligram_water_room_temple

Skill      XL: |  1  2  3  4  5  6  7  8 |
---------------+-------------------------+-----
Armour         | 3 4 5 6 |  6.0
Fighting       | 3 4 |  4.8
Maces & Flails | 2 3 4 6 |  6.9
Shields        | 3 4 |  4.3
Dodging        | 1 2 |  2.6
Stealth        | 1 |  1.0
Throwing       | |  0.2

Action                   |  1- 3 |  4- 6 |  7- 9 || total
-------------------------+-------+-------+-------++-------
Melee: Flail             |   103 |   206 |   256 ||   565
Throw: Javelin           |       |       |     3 ||     3
  Use: Potion            |       |     6 |    10 ||    16
       Scroll            |       |       |     5 ||     5
Armor: Scale mail        |    64 |    89 |    91 ||   244
Dodge: Dodged            |    40 |   113 |   167 ||   320
Block: Buckler           |    20 |    46 |    64 ||   130

Table legend: (Time is in decaauts)
 A = Elapsed time spent in this place.
 B = Non-inter-level travel time spent in this place.
 C = Inter-level travel time spent in this place.
 D = Time resting spent in this place.
 E = Time spent auto-exploring this place.
 F = Levels seen in this place.
 G = Mean time per level.
                   A        B        C        D        E       F      G
               +--------+--------+--------+--------+--------+-----+--------+
         Total |   7772 |   7568 |    204 |      0 |   5866 |   9 |  863.6 |
       Dungeon |   6544 |   6340 |    204 |      0 |   5016 |   7 |  934.9 |
        Temple |    179 |    179 |      0 |      0 |    147 |   1 |  179.0 |
         Sewer |   1048 |   1048 |      0 |      0 |    702 |   1 | 1048.0 |
               +--------+--------+--------+--------+--------+-----+--------+

Top non-repeatable levels by time:
     D:1: 1443 daAuts
     D:6: 1294 daAuts
     D:3: 1263 daAuts
   Sewer: 1048 daAuts
     D:5: 999 daAuts
     D:4: 946 daAuts
     D:2: 576 daAuts
  Temple: 179 daAuts
     D:7: 20 daAuts
